 Dungeon Crawl Stone Soup version 0.18-a0-1292-ge8ad84c (webtiles) character file.

170 corax the Vandal (level 5, -1/25 HPs)
             Began as a Spriggan Hunter on Feb 8, 2016.
             Slain by ezio133798's ghost (3 damage)
             ... on level 3 of the Dungeon on Feb 9, 2016.
             The game lasted 00:15:51 (2654 turns).

corax the Vandal (Spriggan Hunter)                  Turns: 2654, Time: 00:15:51

Health: -1/25      AC:  2    Str:  9    XL:     5   Next: 25%
Magic:  6/6        EV: 19    Int: 12    God:
Gold:   120        SH:  0    Dex: 17    Spells: 0 memorised, 4 levels left

rFire  . . .     SeeInvis +     b - +0 short sword
rCold  . . .     Gourm    +     c - +0 robe
rNeg   . . .     Faith    .     (shield restricted)
rPois  .         Spirit   .     (helmet restricted)
rElec  .         Dismiss  .     (no cloak)
rCorr  .         Reflect  .     (gloves unavailable)
SustAt .         Harm     .     (boots unavailable)
MR     .....                    w - amulet of the gourmand
Stlth  ++........               (no ring)
                                (no ring)

@: very quick, not resistant to hostile enchantments, unstealthy
A: unfitting armour, see invisible, herbivore 3, speed 3, slow metabolism 2
a: no special abilities


You were on level 3 of the Dungeon.
You were not hungry.

You visited 1 branch of the dungeon, and saw 3 of its levels.

You collected 120 gold pieces.

Inventory:

Hand Weapons
 a - a +1 hunting sling
 b - a +0 short sword (weapon)
Missiles
 e - 20 poisoned needles
 i - 17 arrows of frost
 l - 10 arrows
 q - 28 bolts
 r - 12 bolts of frost
 v - 20 silver bolts
Armour
 c - a +0 robe (worn)
Jewellery
 w - an amulet of the gourmand (around neck)
Wands
 x - a wand of enslavement (9/24)
Scrolls
 g - 2 scrolls of identify {unknown}
 h - 2 scrolls of remove curse
 j - a scroll of teleportation {unknown}
 n - 2 scrolls of enchant armour {unknown}
 p - a scroll of noise {unknown}
 u - a scroll of enchant weapon {unknown}
 y - a scroll of magic mapping {unknown}
 A - a scroll of recharging {unknown}
Potions
 k - a potion of haste {unknown}
 o - 3 potions of beneficial mutation {unknown}
 t - 2 potions of curing
 z - a potion of mutation {unknown}
Comestibles
 f - a bread ration
 m - 2 fruits


   Skills:
 + Level 1.5 Fighting
 + Level 7.6 Slings
 + Level 3.6 Dodging
 + Level 2.1 Stealth


You had 4 spell levels left.
You didn't know any spells.

Dungeon Overview and Level Annotations

Branches:
Dungeon (3/15)

Altars:
Fedhas
Nemelex Xobeh
Xom

Annotations:
D:2 Sigmund
D:3 ezio133798's ghost, amateur DENe


Innate Abilities, Weirdness & Mutations

You are tiny and cannot use many weapons and most armour.
You have supernaturally acute eyesight.
You are a herbivore.
You cover ground extremely quickly.
You need consume almost no food.


Message History

Press: ? - help, Shift-Dir - straight line, f/p - ezio133798's ghost
Aim: ezio133798's ghost, wielding a weapon of electrocution (severely damaged)
You shoot a stone.
The stone barely misses ezio133798's ghost.
Firing (i - inventory):
s - 2 stones (quivered)
Press: ? - help, Shift-Dir - straight line, f/p - ezio133798's ghost
Aim: ezio133798's ghost, wielding a weapon of electrocution (severely damaged)
You shoot a stone. The stone hits ezio133798's ghost.
Ezio133798's ghost is almost destroyed.
Firing (i - inventory):
s - a stone (quivered)
Press: ? - help, Shift-Dir - straight line, f/p - ezio133798's ghost
Aim: ezio133798's ghost, wielding a weapon of electrocution (almost destroyed)
You shoot a stone.
The stone closely misses ezio133798's ghost.
You see here a sling bullet.
b - a +0 short sword (weapon)
You hit ezio133798's ghost but do no damage.
Ezio133798's ghost is almost destroyed.
Ezio133798's ghost hits you.
You die...

#.(.....# #.#
#(##..### #.#
#(..((..# #.#
#(##..#.# #.#
#..(..#.########.#
####!..#.#.#.........
+....................
####W..#.###. #<..
#@....# ####..
#..(#.### #....†
#.....# #.###.
#...### # #. ##.## ..
#. ## #. #.


You could see ezio133798's ghost.

Vanquished Creatures
  Ijyb (D:2)
  Natasha (twice) (D:2)
  3 adders
  2 worms
  2 giant geckos
  An orc (D:2)
  4 giant cockroaches
  4 goblins
  7 hobgoblins
  6 jackals
  8 kobolds
  4 ball pythons
  5 bats
  5 giant newts
  10 rats
  2 bushes (D:1)
66 creatures vanquished.

Notes
Turn   | Place    | Note
--------------------------------------------------------------
     0 | D:1      | corax the Spriggan Hunter began the quest for the Orb.
     0 | D:1      | Reached XP level 1. HP: 10/10 MP: 2/2
   118 | D:1      | Reached skill level 5 in Slings
   281 | D:1      | Reached XP level 2. HP: 14/14 MP: 3/3
   401 | D:2      | Noticed Ijyb
   527 | D:1      | Found a sparkling altar of Nemelex Xobeh.
   998 | D:1      | Upgraded the game from 0.18-a0-1285-g60d00e1 to 0.18-a0-1292-ge8ad84c
  1061 | D:1      | Reached skill level 6 in Slings
  1061 | D:1      | Reached XP level 3. HP: 18/18 MP: 4/4
  1090 | D:2      | Noticed Natasha
  1874 | D:2      | Reached XP level 4. HP: 13/22 MP: 5/5
  1929 | D:2      | Noticed Sigmund
  1970 | D:2      | Killed Ijyb
  2121 | D:2      | Reached skill level 7 in Slings
  2139 | D:2      | Found a shimmering altar of Xom.
  2174 | D:3      | Noticed ezio133798's ghost (amateur DENe)
  2436 | D:2      | Killed Natasha
  2436 | D:2      | Reached XP level 5. HP: 14/25 MP: 6/6
  2471 | D:2      | Noticed Natasha
  2482 | D:2      | Killed Natasha
  2596 | D:2      | Found a blossoming altar of Fedhas.
  2596 | D:2      | Found a sparkling altar of Nemelex Xobeh.
  2639 | D:3      | HP: 1/25 [ezio133798's ghost/nerve-wracking pain (12)]
  2654 | D:3      | Slain by ezio133798's ghost

Vault maps used:
D:1:      dpeg_arrival_concentric_ovals, serial_forest,
          infiniplex_forest_corner_1, infiniplex_forest_clump_cross,
          infiniplex_forest_pool, infiniplex_forest_clump_medium,
          infiniplex_forest_clump_large, infiniplex_forest_clump_small,
          nemelex_deck
D:2:      xom_butterflies, gammafunk_temple_overflow_pools, uniq_sigmund,
          uniq_natasha, uniq_iyjb
D:3:      kennysheep_big_flooded_room, first_bread, minmay_quantized

Action                   |  1- 3 |  4- 6 || total
-------------------------+-------+-------++-------
Melee: Short sword       |   535 |     1 ||   536
       Hunting sling     |       |     1 ||     1
 Fire: Hunting sling     |    94 |    96 ||   190
  Use: Scroll            |     1 |       ||     1
  Eat: Fruit             |       |     1 ||     1
